 Dungeon Crawl Stone Soup version 0.29.1 (webtiles) character file.

Game seed: 6902364464623666588

42828 qw the Severer (level 13, -1/123 (125) HPs)
             Began as a Minotaur Berserker on Sept 13, 2022.
             Was a Priest of Trog.
             Slain by a profane servitor
             ... wielding a +3 whip
              (9 damage)
             ... on level 2 of the Abyss.
             The game lasted 00:06:29 (18902 turns).

qw the Severer (Minotaur Berserker)                Turns: 18902, Time: 00:06:29

HP:   -1/123 (125)  AC: 26    Str: 27    XL:     13   Next: 87%
MP:   0/12          EV:  8    Int:  4    God:    Trog [***...]
Gold: 1225          SH: 14    Dex: 10    Spells: 12/12 levels left

rFire   . . .      SeeInvis +   Y - +4 war axe
rCold   . . .      Faith    .   p - +2 kite shield
rNeg    . . .      Spirit   +   t - +0 plate armour
rPois   +          Reflect  .   (helmet restricted)
rElec   .          Harm     .   m - +2 cloak
rCorr   .          Rampage  .   d - +2 pair of gloves
Will    .....                   n - +2 pair of boots
Stlth   ..........              b - amulet of guardian spirit
HPRegen 0.30/turn               c - ring of poison resistance
MPRegen 0.13/turn               k - ring of see invisible

@: lethally poisoned (-1 -> -10), about to teleport, on berserk cooldown,
slowed, wreathed by umbra, lightly drained, very slow
A: horns 2, retaliatory headbutt
a: Renounce Religion, Berserk, Trog's Hand


You were on level 2 of the Abyss.
You worshipped Trog.
Trog was most pleased with you.
You visited 2 branches of the dungeon, and saw 15 of its levels.
You visited the Abyss 1 time.
You also visited: Ossuary.

You collected 1225 gold pieces.


Innate Abilities, Weirdness & Mutations

You have a pair of horns on your head.
You reflexively headbutt those who attack you in melee.


   Skills:
 + Level 14.3 Fighting
 - Level 16.1 Axes
 - Level 3.4 Throwing
 - Level 13.0 Armour
 - Level 5.0 Dodging
 - Level 14.0 Shields


You had 12 spell levels left.
You didn't know any spells.
Your spell library was empty.

Inventory:

Hand Weapons
 f - a +0 morningstar of draining
 Y - a +4 war axe (weapon)
Missiles
 l - 3 boomerangs (quivered)
Armour
 d - a +2 pair of gloves (worn)
 m - a +2 cloak (worn)
 n - a +2 pair of boots (worn)
 p - a +2 kite shield (worn)
 t - a +0 plate armour (worn)
Jewellery
 b - an amulet of guardian spirit (around neck)
 c - a ring of poison resistance (left hand)
 j - a +6 ring of dexterity
 k - a ring of see invisible (right hand)
 v - a +4 ring of evasion
Wands
 g - a wand of digging (9)
Scrolls
 e - 7 scrolls of identify
Potions
 a - 2 potions of might
 i - 7 potions of curing
 o - 3 potions of heal wounds
 q - 3 potions of haste
 r - a potion of mutation
 s - 4 potions of resistance
 u - 2 potions of cancellation

Dungeon Overview and Level Annotations

Branches:
Dungeon (10/15)            Temple (0/1) D:6            Lair (5/5) D:9
 Shoals (0/4) Lair:2       Spider (0/4) Lair:3        Slime (0/5) Lair:5
Ossuary (visited)
    Orc: D:9-12

Altars:
Ashenzari
Cheibriados
Dithmenos
Elyvilon
Fedhas
Gozag
Hepliaklqana
Kikubaaqudgha
Makhleb
Okawaru
Ru
Vehumet
Zin
The Shining One

Shops:
D:4 (

Annotations:
D:5 Prince Ribbit
D:9 2 transporters, qw's ghost, novice MiBe
D:10 Sonja


Message History

You closely miss the worldbinder. You slice the mana viper!!
You barely miss the black mamba.
The black mamba disappears in a puff of smoke!
The profane servitor hits you with a +3 whip!
The profane servitor draws strength from your injuries!
The profane servitor hits you but does no damage.
The worldbinder hits you but does no damage.
You block the worldbinder's attack.
The mana viper bites you but does no damage.
You block the profane servitor's attack.
The profane servitor hits you but does no damage.
You miss the profane servitor.
The profane servitor is almost destroyed.
You slash the mana viper! You slash the black mamba! You hit the worldbinder.
You block the worldbinder's attack. x2; You block the mana viper's attack.
The black mamba bites you but does no damage.
The profane servitor hits you but does no damage. x2
The black mamba bites you!
You are poisoned.
The black mamba poisons you! The mana viper closely misses you.
You furiously retaliate!
You headbutt the mana viper. The worldbinder barely misses you.
The worldbinder hits you.
You block the profane servitor's attack.
The profane servitor hits you but does no damage.
18902 ||| READING scroll of teleportation.
As you read the scroll of teleportation, it crumbles to dust.
You feel strangely unstable.
You feel the power of the Abyss delaying your translocation!
You feel very sick. The black mamba bites you.
You block the mana viper's attack.
The worldbinder hits you but does no damage.
You block the worldbinder's attack.
You block the profane servitor's attack.
The profane servitor hits you but does no damage.
The black mamba bites you but does no damage.
The mana viper bites you!
You feel your power leaking away. You block the worldbinder's attack.
The worldbinder barely misses you.
The profane servitor hits you with a +3 whip!
You die...

.##. . # #
#..# .##.. #
..##.#...# .
. .... ......
.##...#.#..
## #.
......... ...
#..# #......
.
#....#..##..#
# .# #..WA@S#
# ._.. #
#.#..#xS##
..#..#
...#..S....
### . ...
....#..... .
.. .#
........###.
# . .........
# .##.#....#.
# ..
..#..#....
... .


You could see a profane servitor, a shadow wraith (invisible), a mana viper
(summoned), a worldbinder and 2 black mambas.

Vanquished Creatures
  Kirke (Lair:3)
  2 hydras
  A catoblepas (Lair:5)
  A death yak (Lair:5)
  A sun demon (Abyss:2)
  A sixfirhy (Abyss:2)
  2 lindwurms (Lair:5)
  A large abomination (Abyss:2)
  2 manticores (Lair:5)
  10 elephants
  3 black mambas
  5 rime drakes
  Maggie (D:7)
  6 cane toads
  6 komodo dragons
  A troll (D:9)
  5 polar bears
  14 dream sheep
  A hornet (D:7)
  5 blink frogs
  2 wyverns
  40 yaks
  A basilisk (Lair:1)
  A hog (Lair:3)
  2 redbacks (Lair:3)
  A vampire mosquito (D:10)
  5 steam dragons
  2 acid dragons (D:10)
  33 water moccasins
  2 ice beasts
  4 orc warriors
  7 black bears (Lair:1)
  4 ogres
  14 wolves
  2 centaurs
  4 phantoms
  2 kobold brigands
  Blork the orc (D:5)
  12 bullfrogs
  A gnoll sergeant (D:6)
  2 scorpions
  A necrophage (D:5)
  4 wights (D:9)
  20 killer bees
  A howler monkey (D:5)
  An electric eel (Lair:4)
  A crimson imp (D:7)
  2 jellies
  A gnoll bouda (D:4)
  A human zombie (Ossuary)
  3 orc priests
  A hound (D:6)
  An iguana (D:6)
  3 orc wizards
  Ijyb (D:5)
  3 mummies (Ossuary)
  6 gnolls
  22 adders
  A shadow imp (D:8)
  4 adder zombies (Ossuary)
  2 worms
  3 dart slugs
  30 orcs
  3 ball pythons (D:3)
  8 endoplasms
  4 giant cockroaches
  7 goblins
  8 hobgoblins
  6 jackals (D:1)
  5 quokkas
  4 bats
  6 frilled lizards
  4 goblin zombies (Ossuary)
  14 kobolds
  5 kobold zombies (Ossuary)
  3 quokka zombies (Ossuary)
  7 rats
  3 rat zombies
410 creatures vanquished.

Vanquished Creatures (collateral kills)
  Snorg (Lair:4)
  3 hydras
  2 death yaks (Lair:5)
  An obsidian statue (D:9)
  A black mamba (Lair:5)
  2 cane toads (Lair:5)
10 creatures vanquished.

Vanquished Creatures (others)
  A rime drake (Lair:4)
  3 humans (Lair:4)
  A bullfrog (Lair:4)
  42 fungi
  46 plants
93 creatures vanquished.

Grand Total: 513 creatures vanquished

Notes
Turn   | Place    | Note
-------+----------+-------------------------------------------
     0 | D:1      | qw the Minotaur Berserker began the quest for the Orb.
     0 | D:1      | Reached XP level 1. HP: 19/19 MP: 0/0
     0 | D:1      | 0 ||| qw: Version: 0.1-a-119-g272c26d
     0 | D:1      | 0 ||| qw: Game counter: 11231
     0 | D:1      | 0 ||| qw: Always use a shield: true
     0 | D:1      | 0 ||| qw: Do Orc after D:15 true
     0 | D:1      | 0 ||| qw: Do second Lair branch before Depths: true
     0 | D:1      | 0 ||| qw: Lair rune preference: random
     0 | D:1      | 0 ||| qw: Plans: Normal
     0 | D:1      | 0 ||| PLANNING D:1-11
   166 | D:1      | Found a faded altar of an unknown god.
   437 | D:1      | Reached skill level 4 in Axes
   445 | D:1      | 445 ||| Stepping ~*~*~tactically~*~*~ (stealth).
   458 | D:1      | 458 ||| Stepping ~*~*~tactically~*~*~ (stealth).
   583 | D:1      | Reached XP level 2. HP: 26/26 MP: 1/1
   943 | D:1      | Reached ** piety under Trog
   944 | D:1      | Reached skill level 5 in Axes
  1223 | D:1      | Reached XP level 3. HP: 31/31 MP: 2/2
  1387 | D:1      | 1387 ||| UPGRADING to +1 pair of gloves.
  1392 | D:1      | 1392 ||| UPGRADING to +0 ring mail.
  1402 | D:1      | 1402 ||| DROPPING +0 animal skin.
  1403 | D:1      | 1403 ||| UPGRADING to +0 kite shield.
  1408 | D:1      | 1408 ||| UPGRADING to +0 cloak.
  1413 | D:1      | 1413 ||| UPGRADING to +0 pair of boots.
  1418 | D:1      | 1418 ||| DROPPING ring of flight.
  1419 | D:1      | 1419 ||| READING scroll labelled NAISHR MIYSCHO.
  1420 | D:1      | 1420 ||| READING scroll labelled TUL BETEAQI.
  1421 | D:1      | 1421 ||| DRINKING 3 smoky black potions.
  1422 | D:1      | 1422 ||| DROPPING 2 potions of brilliance.
  1482 | D:2      | 1482 ||| STAIRDANCE
  1529 | D:2      | 1529 ||| Stepping ~*~*~tactically~*~*~ (hiding).
  1538 | D:2      | 1538 ||| INVOKING Berserk.
  1539 | D:2      | Reached skill level 1 in Shields
  1558 | D:2      | 1558 ||| FLEEEEING.
  1559 | D:2      | 1559 ||| FLEEEEING.
  1567 | D:2      | 1567 ||| STAIRDANCE
  1703 | D:2      | 1703 ||| Stepping ~*~*~tactically~*~*~ (stealth).
  1716 | D:2      | 1716 ||| READING scroll of enchant armour.
  1716 | D:2      | 1716 ||| ENCHANTING +1 pair of gloves.
  1724 | D:2      | 1724 ||| DROPPING +0 club.
  1845 | D:2      | 1845 ||| READING scroll of enchant armour.
  1845 | D:2      | 1845 ||| ENCHANTING +0 pair of boots.
  1859 | D:2      | Found a sacrificial altar of Ru.
  2019 | D:2      | 2019 ||| UPGRADING to ring of poison resistance.
  2052 | D:3      | 2052 ||| STAIRDANCE
  2058 | D:3      | 2058 ||| INVOKING Berserk.
  2060 | D:3      | Reached XP level 4. HP: 39/39 MP: 3/3
  2062 | D:3      | Reached skill level 3 in Shields
  2068 | D:3      | 2068 ||| STAIRDANCE
  2169 | D:3      | 2169 ||| DROPPING +0 mace of holy wrath.
  2192 | D:3      | 2192 ||| DROPPING +1 mace of protection.
  2208 | D:3      | Found a blossoming altar of Fedhas.
  2209 | D:3      | Found a shadowy altar of Dithmenos.
  2295 | D:3      | 2295 ||| Stepping ~*~*~tactically~*~*~ (stealth).
  2298 | D:3      | 2298 ||| Stepping ~*~*~tactically~*~*~ (stealth).
  2299 | D:3      | 2299 ||| Stepping ~*~*~tactically~*~*~ (stealth).
  2709 | D:3      | Found a hazy altar of Hepliaklqana.
  2711 | D:3      | Found an ancient bone altar of Kikubaaqudgha.
  2723 | D:3      | Reached *** piety under Trog
  2724 | D:3      | Reached XP level 5. HP: 43/45 MP: 4/4
  2763 | D:3      | You fall into a shaft and drop 3 floors!
  2767 | D:6      | 2767 ||| INVOKING Berserk.
  2898 | D:6      | Noticed a centaur
  2900 | D:6      | Reached skill level 6 in Axes
  2900 | D:6      | 2900 ||| Stepping ~*~*~tactically~*~*~ (hiding).
  2901 | D:6      | 2901 ||| Stepping ~*~*~tactically~*~*~ (hiding).
  2909 | D:6      | Killed a centaur
  2916 | D:6      | Reached XP level 6. HP: 47/51 MP: 5/5
  2941 | D:6      | 2941 ||| INVOKING Berserk.
  2945 | D:6      | Reached skill level 7 in Axes
  3130 | D:6      | 3130 ||| UPGRADING to +0 scale mail.
  3140 | D:6      | 3140 ||| DROPPING +0 ring mail.
  3141 | D:6      | 3141 ||| UPGRADING to +0 chain mail.
  3151 | D:6      | 3151 ||| DROPPING +0 scale mail.
  3152 | D:6      | 3152 ||| UPGRADING to +0 plate armour.
  3162 | D:6      | 3162 ||| DROPPING +0 chain mail.
  3163 | D:6      | 3163 ||| READING scroll labelled YMUIRIEBAE.
  3166 | D:6      | 3166 ||| READING scroll labelled YTSEF DYATRAR.
  3167 | D:6      | 3167 ||| READING scroll labelled MEBISTR RILAH.
  3168 | D:6      | 3168 ||| READING 2 scrolls of identify.
  3168 | D:6      | 3168 ||| IDENTIFYING fizzy orange potion
  3179 | D:5      | Entered Level 5 of the Dungeon
  3194 | D:5      | Noticed Blork the orc
  3198 | D:5      | 3198 ||| INVOKING Berserk.
  3202 | D:5      | Reached skill level 3 in Armour
  3202 | D:5      | Reached XP level 7. HP: 59/59 MP: 6/6
  3208 | D:5      | Killed Blork the orc
  3209 | D:5      | Reached skill level 8 in Axes
  3215 | D:5      | Noticed Ijyb
  3227 | D:5      | Killed Ijyb
  3232 | D:5      | Reached skill level 6 in Shields
  3424 | D:4      | 3424 ||| PLANNING SEWER
  3436 | D:4      | 3436 ||| Stepping ~*~*~tactically~*~*~ (stealth).
  3440 | D:4      | 3440 ||| Stepping ~*~*~tactically~*~*~ (hiding).
  3465 | D:4      | Found a glowing silver altar of Zin.
  3502 | D:4      | 3502 ||| Stepping ~*~*~tactically~*~*~ (hiding).
  3503 | D:4      | 3503 ||| Stepping ~*~*~tactically~*~*~ (hiding).
  3559 | D:4      | Found a glowing golden altar of the Shining One.
  3596 | D:4      | Found Redd's Weapon Boutique.
  3732 | D:4      | 3732 ||| Stepping ~*~*~tactically~*~*~ (stealth).
  3743 | D:4      | 3743 ||| Stepping ~*~*~tactically~*~*~ (stealth).
  3749 | D:4      | 3749 ||| Stepping ~*~*~tactically~*~*~ (stealth).
  3753 | D:4      | 3753 ||| INVOKING Berserk.
  3965 | D:4      | 3965 ||| READING scroll of enchant armour.
  3965 | D:4      | 3965 ||| ENCHANTING +1 pair of boots.
  4036 | D:4      | Found a snail-covered altar of Cheibriados.
  4038 | D:4      | 4038 ||| READING scroll labelled KIT ACWORIOD.
  4039 | D:4      | 4039 ||| READING scroll labelled UCWERH UNIVA.
  4040 | D:4      | 4040 ||| DRINKING 2 cyan potions.
  4041 | D:4      | 4041 ||| DRINKING 2 lumpy white potions.
  4042 | D:4      | 4042 ||| READING 3 scrolls of identify.
  4042 | D:4      | 4042 ||| IDENTIFYING fizzy golden potion
  4043 | D:4      | 4043 ||| READING 2 scrolls of identify.
  4043 | D:4      | 4043 ||| IDENTIFYING grey potion
  4044 | D:4      | 4044 ||| DROPPING potion of attraction.
  4045 | D:4      | 4045 ||| DROPPING potion of lignification.
  4046 | D:4      | 4046 ||| Stepping randomly (stuck).
  4047 | D:4      | 4047 ||| Stepping randomly (stuck).
  4048 | D:4      | 4048 ||| RIP SEWER
  4049 | D:4      | 4049 ||| PLANNING D:1-11
  4049 | D:4      | 4049 ||| FLEEEEING.
  4051 | D:4      | 4051 ||| FLEEEEING.
  4052 | D:4      | 4052 ||| FLEEEEING.
  4053 | D:4      | 4053 ||| FLEEEEING.
  4054 | D:4      | 4054 ||| FLEEEEING.
  4059 | D:4      | 4059 ||| FLEEEEING.
  4060 | D:4      | 4060 ||| FLEEEEING.
  4066 | D:4      | 4066 ||| FLEEEEING.
  4067 | D:4      | 4067 ||| FLEEEEING.
  4068 | D:4      | 4068 ||| FLEEEEING.
  4069 | D:4      | 4069 ||| FLEEEEING.
  4070 | D:4      | 4070 ||| FLEEEEING.
  4071 | D:4      | 4071 ||| FLEEEEING.
  4076 | D:4      | 4076 ||| STAIRDANCE
  4295 | D:4      | 4295 ||| DROPPING +0 flail.
  4493 | D:4      | 4493 ||| READING scroll labelled ATOUSE RUONUNN.
  4532 | D:5      | Found an opulent altar of Gozag.
  4699 | D:5      | Reached skill level 9 in Axes
  4699 | D:5      | Reached XP level 8. HP: 66/66 MP: 7/7
  4706 | D:5      | Noticed Prince Ribbit
  4723 | D:5      | Found a white marble altar of Elyvilon.
  4940 | D:5      | 4940 ||| UPGRADING to ring of see invisible.
  4941 | D:5      | 4941 ||| READING scroll labelled WOPSEO NOQY.
  4942 | D:5      | 4942 ||| READING 2 scrolls of identify.
  4942 | D:5      | 4942 ||| IDENTIFYING murky emerald potion
  4943 | D:5      | 4943 ||| DROPPING potion of berserk rage.
  4978 | D:6      | Found a staircase to the Ecumenical Temple.
  4981 | D:6      | 4981 ||| READING scroll of teleportation.
  5001 | D:6      | 5001 ||| Stepping ~*~*~tactically~*~*~ (stealth).
  5020 | D:6      | 5020 ||| Stepping ~*~*~tactically~*~*~ (stealth).
  5532 | D:6      | 5532 ||| UPGRADING to +2 kite shield.
  5542 | D:6      | 5542 ||| DROPPING +0 kite shield.
  5543 | D:6      | 5543 ||| UPGRADING to amulet of guardian spirit.
  5548 | D:6      | 5548 ||| READING scroll labelled LOWEKK WIGEARI.
  5649 | D:6      | 5649 ||| READING 2 scrolls of identify.
  5649 | D:6      | 5649 ||| IDENTIFYING sapphire potion
  5660 | D:7      | Noticed Maggie
  5661 | D:7      | 5661 ||| PLANNING OSSUARY
  5676 | D:7      | Killed Maggie
  5677 | D:7      | Reached skill level 10 in Axes
  5785 | D:7      | 5785 ||| SWAPPING to +0 war axe.
  5786 | D:7      | 5786 ||| DROPPING +1 hand axe.
  5808 | D:7      | 5808 ||| INVOKING Berserk.
  5981 | D:7      | 5981 ||| INVOKING Berserk.
  6100 | D:7      | 6100 ||| Stepping ~*~*~tactically~*~*~ (stealth).
  6147 | D:7      | Found a burning altar of Makhleb.
  6148 | D:7      | Found a radiant altar of Vehumet.
  6150 | D:7      | Reached **** piety under Trog
  6186 | D:7      | Found a sand-covered staircase.
  6196 | Ossuary  | Entered an ossuary
  6427 | Ossuary  | Reached XP level 9. HP: 75/75 MP: 8/8
  6470 | Ossuary  | Reached skill level 6 in Fighting
  6514 | Ossuary  | 6514 ||| DRINKING 2 puce potions.
  6615 | Ossuary  | 6615 ||| DRINKING 3 viscous yellow potions.
  6616 | Ossuary  | 6616 ||| READING 2 scrolls of identify.
  6616 | Ossuary  | 6616 ||| IDENTIFYING lumpy grey potion
  6617 | Ossuary  | 6617 ||| DROPPING potion of ambrosia.
  6618 | Ossuary  | 6618 ||| DROPPING 2 potions of degeneration.
  6623 | D:7      | 6623 ||| PLANNING D:1-11
  6902 | D:7      | Found a broken altar of Ashenzari.
  6924 | D:7      | Reached skill level 11 in Axes
  6937 | D:7      | 6937 ||| Stepping ~*~*~tactically~*~*~ (hiding).
  6939 | D:7      | 6939 ||| INVOKING Berserk.
  7139 | D:7      | Reached skill level 6 in Armour
  7347 | D:7      | 7347 ||| Stepping ~*~*~tactically~*~*~ (hiding).
  7352 | D:7      | 7352 ||| INVOKING Berserk.
  7667 | D:8      | Found an iron altar of Okawaru.
  7730 | D:8      | 7730 ||| Stepping ~*~*~tactically~*~*~ (stealth).
  7747 | D:8      | 7747 ||| INVOKING Berserk.
  7751 | D:8      | Reached skill level 12 in Axes
  7767 | D:8      | 7767 ||| Stepping ~*~*~tactically~*~*~ (stealth).
  7830 | D:8      | 7830 ||| Stepping ~*~*~tactically~*~*~ (cloud).
  7832 | D:8      | 7832 ||| INVOKING Berserk.
  8041 | D:8      | Found a sacrificial altar of Ru.
  8047 | D:8      | 8047 ||| Stepping ~*~*~tactically~*~*~ (stealth).
  8290 | D:8      | 8290 ||| Stepping ~*~*~tactically~*~*~ (hiding).
  8293 | D:8      | 8293 ||| INVOKING Berserk.
  8493 | D:8      | 8493 ||| Stepping ~*~*~tactically~*~*~ (stealth).
  8495 | D:8      | 8495 ||| Stepping ~*~*~tactically~*~*~ (stealth).
  8569 | D:8      | 8569 ||| READING 2 scrolls of identify.
  8569 | D:8      | 8569 ||| IDENTIFYING lumpy clear potion
  8607 | D:9      | Noticed an obsidian statue
  8608 | D:9      | 8608 ||| INVOKING Brothers in Arms.
  8608 | D:9      | Noticed qw's ghost (novice MiBe)
  8609 | D:9      | 8609 ||| INVOKING Brothers in Arms.
  8615 | D:9      | Noticed an ice devil
  8615 | D:9      | 8615 ||| INVOKING Berserk.
  8616 | D:9      | Killed an obsidian statue
  8617 | D:9      | Reached skill level 9 in Shields
  8617 | D:9      | Reached XP level 10. HP: 86/86 MP: 9/9
  8727 | D:9      | Found a staircase to the Lair.
  8766 | D:9      | 8766 ||| Stepping ~*~*~tactically~*~*~ (stealth).
  8768 | D:9      | 8768 ||| Stepping ~*~*~tactically~*~*~ (stealth).
  8993 | D:9      | 8993 ||| INVOKING Berserk.
  8999 | D:9      | Reached skill level 13 in Axes
  9194 | D:9      | 9194 ||| INVOKING Berserk.
  9203 | D:9      | 9203 ||| Stepping ~*~*~tactically~*~*~ (cloud).
  9389 | D:9      | 9389 ||| Stepping ~*~*~tactically~*~*~ (stealth).
  9393 | D:9      | 9393 ||| Stepping ~*~*~tactically~*~*~ (stealth).
  9415 | D:9      | 9415 ||| Stepping ~*~*~tactically~*~*~ (stealth).
  9417 | D:9      | 9417 ||| Stepping ~*~*~tactically~*~*~ (stealth).
  9443 | D:9      | 9443 ||| INVOKING Berserk.
  9536 | D:9      | Found a transporter.
  9537 | D:9      | Found a transporter.
  9726 | D:9      | 9726 ||| Stepping ~*~*~tactically~*~*~ (cloud).
  9727 | D:9      | 9727 ||| Stepping ~*~*~tactically~*~*~ (cloud).
  9729 | D:9      | 9729 ||| DRINKING 2 fizzy blue potions.
  9733 | D:9      | 9733 ||| INVOKING Berserk.
  9876 | D:9      | 9876 ||| PLANNING LAIR
  9909 | Lair:1   | Entered Level 1 of the Lair of Beasts
  9947 | Lair:1   | 9947 ||| Stepping ~*~*~tactically~*~*~ (hiding).
 10041 | Lair:1   | 10041 ||| READING scroll of enchant armour.
 10041 | Lair:1   | 10041 ||| ENCHANTING +0 cloak.
 10046 | Lair:1   | Noticed an elephant
 10048 | Lair:1   | Noticed an elephant
 10050 | Lair:1   | Noticed an elephant
 10059 | Lair:1   | Killed an elephant
 10063 | Lair:1   | Killed an elephant
 10064 | Lair:1   | Reached skill level 14 in Axes
 10065 | Lair:1   | 10065 ||| INVOKING Berserk.
 10070 | Lair:1   | Killed an elephant
 10252 | Lair:1   | 10252 ||| INVOKING Berserk.
 10276 | Lair:1   | Reached XP level 11. HP: 79/94 MP: 8/10
 10410 | Lair:1   | 10410 ||| Stepping ~*~*~tactically~*~*~ (stealth).
 10431 | Lair:1   | Noticed a five-headed hydra
 10432 | Lair:1   | 10432 ||| INVOKING Brothers in Arms.
 10434 | Lair:1   | 10434 ||| SWAPPING to +0 morningstar of draining.
 10436 | Lair:1   | 10436 ||| INVOKING Berserk.
 10439 | Lair:1   | Killed a five-headed hydra
 10446 | Lair:1   | 10446 ||| SWAPPING to +0 war axe.
 10583 | Lair:1   | 10583 ||| Stepping ~*~*~tactically~*~*~ (stealth).
 10587 | Lair:1   | 10587 ||| Stepping ~*~*~tactically~*~*~ (stealth).
 10589 | Lair:1   | 10589 ||| Stepping ~*~*~tactically~*~*~ (stealth).
 10594 | Lair:1   | 10594 ||| INVOKING Berserk.
 10609 | Lair:1   | 10609 ||| Stepping ~*~*~tactically~*~*~ (stealth).
 10619 | Lair:1   | 10619 ||| Stepping ~*~*~tactically~*~*~ (stealth).
 10629 | Lair:1   | 10629 ||| Stepping ~*~*~tactically~*~*~ (stealth).
 10634 | Lair:1   | 10634 ||| Stepping ~*~*~tactically~*~*~ (stealth).
 10637 | Lair:1   | 10637 ||| Stepping ~*~*~tactically~*~*~ (stealth).
 10643 | Lair:1   | 10643 ||| Stepping ~*~*~tactically~*~*~ (stealth).
 10644 | Lair:1   | 10644 ||| Stepping ~*~*~tactically~*~*~ (stealth).
 10647 | Lair:1   | 10647 ||| INVOKING Berserk.
 10651 | Lair:1   | Reached skill level 15 in Axes
 10674 | Lair:1   | 10674 ||| Stepping ~*~*~tactically~*~*~ (stealth).
 10680 | Lair:1   | 10680 ||| Stepping ~*~*~tactically~*~*~ (stealth).
 10981 | Lair:1   | 10981 ||| READING scroll of enchant weapon.
 10981 | Lair:1   | 10981 ||| ENCHANTING +0 war axe.
 11031 | Lair:1   | 11031 ||| Stepping ~*~*~tactically~*~*~ (stealth).
 11049 | Lair:1   | Reached skill level 9 in Fighting
 11053 | Lair:1   | Reached skill level 3 in Dodging
 11149 | Lair:1   | 11149 ||| Stepping ~*~*~tactically~*~*~ (stealth).
 11222 | Lair:1   | 11222 ||| READING scroll of enchant weapon.
 11222 | Lair:1   | 11222 ||| ENCHANTING +1 war axe.
 11349 | Lair:1   | 11349 ||| Stepping ~*~*~tactically~*~*~ (stealth).
 11350 | Lair:1   | 11350 ||| Stepping ~*~*~tactically~*~*~ (stealth).
 11484 | Lair:1   | 11484 ||| INVOKING Berserk.
 11617 | Lair:1   | 11617 ||| READING scroll labelled NAP HEBBATH.
 11618 | Lair:1   | 11618 ||| READING scroll labelled YLIEH POZUOW.
 11640 | Lair:1   | 11640 ||| INVOKING Berserk.
 11828 | Lair:2   | 11828 ||| INVOKING Berserk.
 11956 | Lair:2   | 11956 ||| INVOKING Berserk.
 12023 | Lair:2   | Found a staircase to the Shoals.
 12233 | Lair:2   | 12233 ||| READING scroll of enchant armour.
 12233 | Lair:2   | 12233 ||| ENCHANTING +1 cloak.
 12245 | Lair:2   | Reached skill level 16 in Axes
 12395 | Lair:2   | 12395 ||| INVOKING Berserk.
 12542 | Lair:2   | 12542 ||| READING scroll of enchant weapon.
 12542 | Lair:2   | 12542 ||| ENCHANTING +2 war axe.
 12631 | Lair:2   | Noticed a four-headed hydra
 12632 | Lair:2   | 12632 ||| INVOKING Brothers in Arms.
 12634 | Lair:2   | 12634 ||| SWAPPING to +0 morningstar of draining.
 12635 | Lair:2   | 12635 ||| INVOKING Berserk.
 12635 | Lair:2   | Killed a four-headed hydra
 12636 | Lair:2   | Reached skill level 9 in Armour
 12640 | Lair:2   | 12640 ||| SWAPPING to +3 war axe.
 12792 | Lair:2   | 12792 ||| INVOKING Berserk.
 13345 | Lair:3   | 13345 ||| INVOKING Berserk.
 13480 | Lair:3   | Found a hole to the Spider Nest.
 13577 | Lair:3   | 13577 ||| INVOKING Berserk.
 13734 | Lair:3   | 13734 ||| Stepping ~*~*~tactically~*~*~ (hiding).
 13747 | Lair:3   | 13747 ||| Stepping ~*~*~tactically~*~*~ (stealth).
 13788 | Lair:3   | 13788 ||| Stepping ~*~*~tactically~*~*~ (hiding).
 13854 | Lair:3   | 13854 ||| FLEEEEING.
 13938 | Lair:3   | Reached XP level 12. HP: 106/106 MP: 11/11
 14281 | Lair:3   | 14281 ||| READING scroll labelled EDINOD WEFFIQ.
 14455 | Lair:3   | 14455 ||| READING 6 scrolls of identify.
 14455 | Lair:3   | 14455 ||| IDENTIFYING fuming yellow potion
 14456 | Lair:3   | 14456 ||| DROPPING potion of invisibility.
 14484 | Lair:4   | Noticed Kirke
 14485 | Lair:4   | 14485 ||| INVOKING Trog's Hand.
 14488 | Lair:4   | 14488 ||| STAIRDANCE
 14493 | Lair:4   | 14493 ||| STAIRDANCE
 14495 | Lair:3   | 14495 ||| INVOKING Berserk.
 14500 | Lair:3   | Killed Kirke
 14661 | Lair:4   | 14661 ||| Stepping ~*~*~tactically~*~*~ (stealth).
 14663 | Lair:4   | 14663 ||| Stepping ~*~*~tactically~*~*~ (stealth).
 14795 | Lair:4   | 14795 ||| Stepping ~*~*~tactically~*~*~ (stealth).
 14797 | Lair:4   | 14797 ||| Stepping ~*~*~tactically~*~*~ (stealth).
 14871 | Lair:4   | Reached skill level 12 in Shields
 14887 | Lair:4   | 14887 ||| FLEEEEING.
 14893 | Lair:4   | 14893 ||| Stepping ~*~*~tactically~*~*~ (stealth).
 14946 | Lair:4   | 14946 ||| Stepping ~*~*~tactically~*~*~ (stealth).
 14947 | Lair:4   | 14947 ||| Stepping ~*~*~tactically~*~*~ (stealth).
 14974 | Lair:4   | 14974 ||| Stepping ~*~*~tactically~*~*~ (stealth).
 15023 | Lair:4   | Reached ***** piety under Trog
 15062 | Lair:4   | 15062 ||| Stepping ~*~*~tactically~*~*~ (stealth).
 15083 | Lair:4   | 15083 ||| FLEEEEING.
 15084 | Lair:4   | 15084 ||| FLEEEEING.
 15085 | Lair:4   | 15085 ||| FLEEEEING.
 15086 | Lair:4   | 15086 ||| FLEEEEING.
 15268 | Lair:4   | 15268 ||| Stepping ~*~*~tactically~*~*~ (stealth).
 15330 | Lair:4   | 15330 ||| Stepping ~*~*~tactically~*~*~ (stealth).
 15339 | Lair:4   | Reached skill level 12 in Fighting
 15373 | Lair:4   | 15373 ||| INVOKING Berserk.
 15545 | Lair:4   | Noticed Snorg
 15546 | Lair:4   | 15546 ||| INVOKING Brothers in Arms.
 15550 | Lair:4   | 15550 ||| INVOKING Berserk.
 15553 | Lair:4   | Killed Snorg
 15851 | Lair:4   | Reached XP level 13. HP: 103/118 MP: 9/12
 16214 | Lair:4   | 16214 ||| READING 6 scrolls of identify.
 16214 | Lair:4   | 16214 ||| IDENTIFYING red potion
 16215 | Lair:4   | 16215 ||| DROPPING potion of flight.
 16255 | Lair:5   | Entered Level 5 of the Lair of Beasts
 16265 | Lair:5   | 16265 ||| INVOKING Brothers in Arms.
 16266 | Lair:5   | 16266 ||| INVOKING Brothers in Arms.
 16268 | Lair:5   | 16268 ||| SWAPPING to +0 morningstar of draining.
 16269 | Lair:5   | 16269 ||| INVOKING Berserk.
 16274 | Lair:5   | Reached skill level 12 in Armour
 16280 | Lair:5   | 16280 ||| SWAPPING to +3 war axe.
 16514 | Lair:5   | Found a staircase to the Slime Pits.
 16523 | Lair:5   | 16523 ||| STAIRDANCE
 16574 | Lair:4   | 16574 ||| READING scroll labelled QAOMIA APRETRYXEI.
 16648 | Lair:5   | 16648 ||| INVOKING Berserk.
 16682 | Lair:5   | HP: 6/122 [elephant (38)]
 16683 | Lair:5   | 16683 ||| READING 2 scrolls of teleportation.
 16683 | Lair:5   | HP: 2/122 [elephant (5)]
 16684 | Lair:5   | 16684 ||| DRINKING 5 potions of heal wounds.
 16685 | Lair:5   | 16685 ||| DRINKING 4 potions of heal wounds.
 16965 | Lair:5   | 16965 ||| INVOKING Berserk.
 17098 | Lair:5   | 17098 ||| INVOKING Berserk.
 17213 | Lair:5   | 17213 ||| Stepping ~*~*~tactically~*~*~ (stealth).
 17217 | Lair:5   | 17217 ||| INVOKING Berserk.
 17250 | Lair:5   | 17250 ||| Stepping ~*~*~tactically~*~*~ (hiding).
 17251 | Lair:5   | 17251 ||| Stepping ~*~*~tactically~*~*~ (hiding).
 17257 | Lair:5   | 17257 ||| INVOKING Berserk.
 17262 | Lair:5   | Reached skill level 3 in Throwing
 17389 | Lair:5   | 17389 ||| Stepping ~*~*~tactically~*~*~ (stealth).
 17390 | Lair:5   | 17390 ||| Stepping ~*~*~tactically~*~*~ (stealth).
 17437 | Lair:5   | 17437 ||| Stepping ~*~*~tactically~*~*~ (stealth).
 17439 | Lair:5   | 17439 ||| Stepping ~*~*~tactically~*~*~ (hiding).
 17442 | Lair:5   | 17442 ||| INVOKING Berserk.
 17489 | Lair:5   | 17489 ||| Stepping ~*~*~tactically~*~*~ (stealth).
 17492 | Lair:5   | 17492 ||| INVOKING Brothers in Arms.
 17493 | Lair:5   | 17493 ||| SWAPPING to +0 morningstar of draining.
 17494 | Lair:5   | 17494 ||| INVOKING Berserk.
 17500 | Lair:5   | 17500 ||| SWAPPING to +3 war axe.
 17615 | Lair:5   | 17615 ||| Stepping ~*~*~tactically~*~*~ (stealth).
 17620 | Lair:5   | 17620 ||| FLEEEEING.
 17621 | Lair:5   | 17621 ||| FLEEEEING.
 17622 | Lair:5   | 17622 ||| FLEEEEING.
 17623 | Lair:5   | 17623 ||| FLEEEEING.
 17681 | Lair:5   | 17681 ||| Stepping ~*~*~tactically~*~*~ (stealth).
 17682 | Lair:5   | 17682 ||| Stepping ~*~*~tactically~*~*~ (stealth).
 17684 | Lair:5   | 17684 ||| Stepping ~*~*~tactically~*~*~ (cloud).
 17690 | Lair:5   | 17690 ||| INVOKING Berserk.
 17825 | Lair:5   | 17825 ||| Stepping ~*~*~tactically~*~*~ (stealth).
 17826 | Lair:5   | 17826 ||| INVOKING Brothers in Arms.
 17827 | Lair:5   | 17827 ||| INVOKING Brothers in Arms.
 17828 | Lair:5   | 17828 ||| INVOKING Brothers in Arms.
 17829 | Lair:5   | 17829 ||| INVOKING Brothers in Arms.
 17830 | Lair:5   | 17830 ||| SWAPPING to +0 morningstar of draining.
 17831 | Lair:5   | 17831 ||| INVOKING Berserk.
 17850 | Lair:5   | 17850 ||| SWAPPING to +3 war axe.
 18058 | Lair:5   | 18058 ||| Stepping ~*~*~tactically~*~*~ (hiding).
 18060 | Lair:5   | 18060 ||| INVOKING Berserk.
 18390 | Lair:5   | 18390 ||| PLANNING D:1-11
 18528 | D:10     | Entered Level 10 of the Dungeon
 18531 | D:10     | 18531 ||| STAIRDANCE
 18535 | D:10     | 18535 ||| STAIRDANCE
 18658 | D:10     | 18658 ||| Stepping ~*~*~tactically~*~*~ (stealth).
 18702 | D:10     | 18702 ||| READING scroll of enchant weapon.
 18702 | D:10     | 18702 ||| ENCHANTING +3 war axe.
 18736 | D:10     | 18736 ||| FLEEEEING.
 18737 | D:10     | 18737 ||| FLEEEEING.
 18740 | D:10     | Noticed Sonja
 18751 | D:10     | 18751 ||| INVOKING Berserk.
 18760 | Abyss:2  | Found a corrupted altar of Lugonu.
 18760 | Abyss:2  | Cast into level 2 of the Abyss (Sonja)
 18763 | Abyss:2  | 18763 ||| INVOKING Trog's Hand.
 18780 | Abyss:2  | 18780 ||| INVOKING Trog's Hand.
 18781 | Abyss:2  | 18781 ||| Stepping ~*~*~tactically~*~*~ (stealth).
 18795 | Abyss:2  | 18795 ||| Stepping ~*~*~tactically~*~*~ (stealth).
 18796 | Abyss:2  | 18796 ||| Stepping ~*~*~tactically~*~*~ (stealth).
 18837 | Abyss:2  | 18837 ||| Stepping ~*~*~tactically~*~*~ (stealth).
 18850 | Abyss:2  | 18850 ||| Stepping ~*~*~tactically~*~*~ (stealth).
 18851 | Abyss:2  | 18851 ||| Stepping ~*~*~tactically~*~*~ (stealth).
 18852 | Abyss:2  | 18852 ||| Stepping ~*~*~tactically~*~*~ (stealth).
 18857 | Abyss:2  | 18857 ||| Stepping ~*~*~tactically~*~*~ (stealth).
 18875 | Abyss:2  | Noticed a profane servitor
 18875 | Abyss:2  | 18875 ||| INVOKING Berserk.
 18901 | Abyss:2  | HP: 28/123 [worldbinder (3)]
 18902 | Abyss:2  | 18902 ||| READING scroll of teleportation.
 18902 | Abyss:2  | HP: 8/123 [mana viper[a worldbinder] (12)]
 18902 | Abyss:2  | Slain by a profane servitor

Levels and vault maps discovered:
D:1:      wheals_arrival_linesprint, layout_basic,
          dreamdust_ecumenical_altar_hidden_monk_grotto
D:2:      layout_rooms, basic_altar, minmay_hexomino_f4
D:3:      wad_pebble_path, layout_basic, mainiacjoe_overflow_divided_tiny,
          chequers_temple_overflow_statue_of_worship, grunt_ministairs_2
D:4:      layout_basic, tso_oasis_becter, lemuel_tele_altar,
          mainiacjoe_overflow_alcove_4, serial_shops, nicolae_shop_hallway_plus,
          portal_sewer_entry_e, nicolae_concentric_dashed_squares_mild
D:5:      layout_cave_pools, marbit_many_paths,
          mainiacjoe_overflow_concentric_impassable, uniq_blork_the_orc,
          uniq_prince_ribbit1, uniq_ijyb
D:6:      layout_loops_ring, minmay_temple_entry_glass,
          minmay_misc_feat_columns, st_stairs_10
D:7:      layout_gridville, grunt_temple_overflow_lords_of_destruction,
          evilmike_ruin_ashenzari, enter_ossuary_4, enter_bailey_2, uniq_maggie
D:8:      layout_rooms, kennysheep_okawaru_gauntlet,
          mainiacjoe_overflow_brackets
D:9:      layout_irregular_city, lair_entry_dummy, gammafunk_ghost_hive,
          minmay_statue_bubble
D:10:     layout_loops_ring, nicolae_overflow_crystal_walls, nzn_ghost_randoct,
          uniq_sonja
Lair:1:   beast_lair_carwin_large_1, layout_loops_ring,
          cheibrodos_lair_caveside_slide, lemuel_fruit_tree
Lair:2:   wander_river, layout_cave_shapes, shoals_dummy_entry
Lair:3:   layout_cave_shapes, spider_nest_entry_webs
Lair:4:   lemuel_reptile_caves, layout_gridlike, uniq_kirke, uniq_snorg
Lair:5:   hangedman_lair_in_review, layout_gridlike,
          nicolae_slime_entry_slimehenge
Abyss:2:  base:
D:13

Skill      XL: |  1  2  3  4  5  6  7  8  9 10 11 12 13 |
---------------+----------------------------------------+-----
Axes           | 4 5 6 7 9 10 12 14 16 | 16.1
Shields        | 2 4 5 6 7 9 10 13 14 | 14.0
Fighting       | 4 5 7 8 10 12 14 | 14.3
Armour         | 3 4 5 6 8 9 11 13 | 13.0
Throwing       | 2 3 |  3.4
Dodging        | 3 4 5 |  5.0

Action                   |  1- 3 |  4- 6 |  7- 9 | 10-12 | 13-15 || total
-------------------------+-------+-------+-------+-------+-------++-------
Melee: Hand axe          |    83 |    75 |   141 |       |       ||   299
       Headbutt          |    12 |    15 |    53 |    96 |    55 ||   231
       Punch             |     1 |       |       |       |       ||     1
       War axe           |       |       |   174 |   506 |   218 ||   898
       Morningstar       |       |       |       |     3 |    16 ||    19
Throw: Boomerang         |    21 |    27 |    78 |   138 |    44 ||   308
Invok: Berserk           |     2 |     3 |     9 |    21 |    13 ||    48
       Brothers in Arms  |       |       |     1 |     3 |     3 ||     7
       Trog's Hand       |       |       |       |     1 |     2 ||     3
  Use: Scroll            |     4 |     4 |    13 |     9 |     5 ||    35
       Potion            |     1 |       |     4 |     1 |     2 ||     8
Armor: Animal skin       |     8 |       |       |       |       ||     8
       Ring mail         |    18 |    28 |       |       |       ||    46
       Plate armour      |       |     5 |   146 |   219 |   166 ||   536
Dodge: Dodged            |    45 |    15 |    56 |    81 |    91 ||   288
Block: Kite shield       |     9 |    16 |   121 |   248 |   179 ||   573

Table legend:
 A = Non-vault XP
 B = Vault XP
 C = Vault XP percentage of total XP
 D = Non-vault monster count
 E = Vault monster count
 F = Vault count percentage of total count
                 A         B        C        D         E       F
            +---------+---------+-------+---------+---------+-------
      Total |   40966 |   20217 |  33.0 |     306 |     114 |  27.1
            +---------+---------+-------+---------+---------+-------
        D:1 |      49 |       0 |   0.0 |      29 |       0 |   0.0
        D:2 |      31 |      14 |  31.1 |      10 |       5 |  33.3
        D:3 |     109 |       4 |   3.5 |      22 |       2 |   8.3
        D:4 |     232 |       0 |   0.0 |      18 |       0 |   0.0
        D:5 |     447 |     136 |  23.3 |       9 |       3 |  25.0
        D:6 |     823 |      90 |   9.9 |      13 |       3 |  18.8
        D:7 |    1642 |     445 |  21.3 |      25 |       4 |  13.8
        D:8 |    1240 |       0 |   0.0 |      19 |       0 |   0.0
        D:9 |    2082 |     685 |  24.8 |      24 |       1 |   4.0
       D:10 |    1601 |       0 |   0.0 |      15 |       0 |   0.0
     Lair:1 |    6083 |    1614 |  21.0 |      24 |       9 |  27.3
     Lair:2 |    3682 |       0 |   0.0 |      14 |       0 |   0.0
     Lair:3 |    3904 |    1941 |  33.2 |      19 |       4 |  17.4
     Lair:4 |    9577 |    4255 |  30.8 |      43 |      37 |  46.2
     Lair:5 |    7365 |   10902 |  59.7 |      19 |      25 |  56.8
    Abyss:2 |    2099 |       0 |   0.0 |       3 |       0 |   0.0
    Ossuary |       0 |     131 | 100.0 |       0 |      21 | 100.0
            +---------+---------+-------+---------+---------+-------
